 Dungeon Sprint DCSS version 0.29-a0-297-g7659ce593d (webtiles) character file.

Game seed: 10904925649835047765

48708 namelastname112 the Warrior (level 14, -7/135 HPs)
             Began as a Demonspawn Fighter on Mar 20, 2022.
             Was an Initiate of Gozag.
             Mangled by an iron golem (30 damage)
             ... in the Dungeon (Sprint V: "Ziggurat Sprint").
             The game lasted 00:06:44 (1879 turns).

namelastname112 the Warrior (Demonspawn Fighter)    Turns: 1879, Time: 00:06:45

Health: -7/135     AC: 31    Str: 31    XL:     14   Next: 13%
Magic:  0/14       EV:  7    Int: 10    God:    Gozag
Gold:   2712       SH: 34    Dex: 20    Spells: 13/13 levels left

rFire   + + .      SeeInvis +   D - +14 obsidian axe {vorpal, Mesm Drain Fly SInv}
rCold   + + .      Faith    .   F - +18 shield of the Gong {rElec rN+ Will+ EV-5}
rNeg    + + +      Spirit   +   E - +15 Maxwell's patent armour {-Cast -Tele rElec Will+ rCorr}
rPois   +          Reflect  .   (helmet unavailable)
rElec   +          Harm     .   (no cloak)
rCorr   +          Rampage  .   (no gloves)
Will    ++...      NoTele   +   (no boots)
Stlth   .......... NoCast   +   S - amulet of Linearity {Spirit Dex+6}
HPRegen 0.32/turn               Z - ring "Koischae" {rElec rN++ Will- Str+6}
MPRegen 0.28/turn               G - ring "Xihell" {Fly rF+ rC+ Str+5}

@: mighty, brilliant, resistant, gold aura, on berserk cooldown, flying,
mesmerised, hasted and slowed, invisible
A: horns 3, yellow scales 2, foul stench 1, augmentation 1, magic shield, magic
regeneration, magic link, deformed body, subdued magic 1
a: Renounce Religion, Potion Petition, Call Merchant, Bribe Branch


You were in the Dungeon.
You worshipped Gozag.
Gozag was most pleased with you.
You visited 1 branch You collected 8415 gold pieces.
You paid 5703 gold pieces to Gozag.

Inventory:

Hand Weapons
 a - a +0 war axe
 D - the +14 obsidian axe (weapon) {vorpal, Mesm Drain Fly SInv}
   (You found it in the Dungeon)

   It inflicts extra damage upon your enemies.
   It occasionally summons demons to assist the wielder when it strikes in
   combat.
   Its wielder is mesmerised by any visible foes.
   It cannot be unequipped while any foes are visible.
   SInv:      It lets you see invisible.
   Fly:       It grants you flight.
   Drain:     It drains your maximum health when unequipped.
Armour
 E - the +15 Maxwell's patent armour (worn) {-Cast -Tele rElec Will+ rCorr}
   (You found it in the Dungeon)

   rElec:     It insulates you from electricity.
   -Cast:     It prevents spellcasting.
   -Tele:     It prevents most forms of teleportation.
   rCorr:     It protects you from acid and corrosion.
   Will:      It increases your willpower.
 F - the +18 shield of the Gong (worn) {rElec rN+ Will+ EV-5}
   (You found it in the Dungeon)

   It is deafeningly noisy when blocking attacks.
   EV:        It affects your evasion (-5).
   rElec:     It insulates you from electricity.
   rN:        It protects you from negative energy.
   Will:      It increases your willpower.
 T - a +1 cloak of stealth
 Y - the +3 pair of gloves of the Endless Expanse {-Cast rPois rF+ Dex+4}
   (You found it in the Dungeon)

   Dex:       It affects your dexterity (+4).
   rF:        It protects you from fire.
   rPois:     It protects you from poison.
   -Cast:     It prevents spellcasting.
Jewellery
 x - a +6 ring of strength
 y - a +6 ring of strength
 G - the ring "Xihell" (right hand) {Fly rF+ rC+ Str+5}
   (You found it in the Dungeon)

   [ring of protection from cold]

   Str:       It affects your strength (+5).
   rF:        It protects you from fire.
   rC:        It protects you from cold.
   Fly:       It grants you flight.
 J - a ring of fire
 K - a ring of ice
 O - a ring of see invisible
 Q - an amulet of magic regeneration
 R - a ring of resist corrosion
 S - the amulet of Linearity (around neck) {Spirit Dex+6}
   (You found it in the Dungeon)

   [amulet of guardian spirit]

   It causes incoming damage to be divided between your reserves of health and
   magic.
   Dex:       It affects your dexterity (+6).
 U - a +4 ring of slaying
 V - an amulet of the acrobat
 Z - the ring "Koischae" (left hand) {rElec rN++ Will- Str+6}
   (You found it in the Dungeon)

   [ring of strength]

   Str:       It affects your strength (+6).
   rElec:     It insulates you from electricity.
   rN:        It greatly protects you from negative energy.
   Will:      It decreases your willpower.
Wands
 z - a wand of mindburst (7)
 A - a wand of iceblast (7)
 B - a wand of acid (7)
Scrolls
 j - 4 scrolls of blinking
 n - 3 scrolls of brand weapon
 o - 4 scrolls of amnesia
 p - 7 scrolls of fog
 q - 5 scrolls of identify
 r - 2 scrolls of fear
 L - 4 scrolls of enchant weapon
Potions
 d - 6 potions of might
 e - 10 potions of curing
 f - 10 potions of heal wounds
 g - 13 potions of haste
 h - 7 potions of magic
 i - 3 potions of berserk rage
 k - 2 potions of brilliance
 l - 2 potions of invisibility
 m - 4 potions of resistance
Miscellaneous
 C - a lightning rod (4/4)
 H - a box of beasts
 I - a lightning rod (4/4)
 M - a box of beasts
 P - a condenser vane


   Skills:
 + Level 20.0 Fighting
 + Level 17.8 Axes
 + Level 18.6 Armour
 + Level 6.5 Dodging
 + Level 18.5 Shields


You had 13 spell levels left.
You didn't know any spells.
Your spell library contained the following spells:

 Spells                   Type           Power      Damage    Failure   Level
 Beastly Appendage        Tmut           0%         N/A       92%         1
 Sandblast                Erth           0%         2d4       92%         1
 Sting                    Tmut/Pois      0%         1d3       92%         1
 Blink                    Tloc           0%         N/A       98%         2
 Ensorcelled Hibernation  Hex/Ice        0%         N/A       98%         2
 Passwall                 Tmut/Erth      0%         N/A       98%         2
 Poisonous Vapours        Pois/Air       0%         N/A       98%         2
 Dazzling Flash           Conj/Hex       0%         N/A       100%        3
 Ignite Poison            Fire/Tmut/Pois 0%         N/A       100%        3
 Stone Arrow              Conj/Erth      0%         3d7       100%        3
 Tukima's Dance           Hex            0%         N/A       100%        3
 Animate Armour           Summ/Erth      0%         N/A       100%        4
 Animate Dead             Necr           0%         N/A       100%        4
 Olgreb's Toxic Radiance  Pois           0%         N/A       100%        4
 Passage of Golubria      Tloc           0%         N/A       100%        4
 Summon Ice Beast         Ice/Summ       0%         N/A       100%        4
 Summon Lightning Spire   Summ/Air       0%         N/A       100%        4
 Agony                    Necr           0%         N/A       100%        5
 Irradiate                Conj/Tmut      0%         3d13      100%        5
 Manifold Assault         Tloc           0%         N/A       100%        5
 Silence                  Hex/Air        0%         N/A       100%        5
 Summon Forest            Summ/Tloc      0%         N/A       100%        5
 Yara's Violent Unravell  Hex/Tmut       0%         3d3       100%        5
 Eringya's Noxious Bog    Tmut/Pois      0%         N/A       100%        6
 Iron Shot                Conj/Erth      0%         9d1       100%        6
 Starburst                Conj/Fire      0%         6d3       100%        6
 Statue Form              Tmut/Erth      0%         N/A       100%        6
 Dragon Form              Tmut           0%         N/A       100%        7
 Haunt                    Necr/Summ      0%         N/A       100%        7
 Storm Form               Tmut/Air       0%         N/A       100%        7
 Summon Hydra             Summ           0%         N/A       100%        7
 Borgnjor's Revivificati  Necr           0%         N/A       100%        8
 Discord                  Hex            0%         N/A       100%        8
 Infestation              Necr           0%         N/A       100%        8
 Maxwell's Capacitive Co  Air            0%         ∞         100%        8


Dungeon Overview and Level Annotations

Branches:
Dungeon (1/1)

Altars:
Ashenzari
Cheibriados
Dithmenos
Elyvilon
Fedhas
Gozag
Hepliaklqana
Kikubaaqudgha
Makhleb
Nemelex Xobeh
Okawaru
Qazlal
Ru
Sif Muna
Trog
Uskayaw
Vehumet
Wu Jian
Xom
Yredelemnul
Zin
The Shining One
Beogh
Jiyva
Lugonu

Annotations:
D 1 transporter


Innate Abilities, Weirdness & Mutations

You have a pair of large horns on your head.
You are mostly covered in yellow scales. (AC +3)
You may rarely emit foul miasma when damaged in melee.
Your magical and physical power is slightly enhanced at high health.
When hurt, damage is shared between your health and your magic reserves.
You regenerate magic rapidly.
When low on magic, you restore magic in place of health.
Armour fits poorly on your strangely shaped body.
Your spells are a little easier to cast, but a little less powerful.


Message History

The ancient champion is distracted by your dazzling golden aura!
You carve the iron golem like a ham!!!
The iron golem is no longer distracted by gold!
You headbutt the iron golem, but do no damage!
The iron golem is lightly damaged!
You barely miss the iron golem!
You cut the iron dragon into ribbons!!!!!!
The ancient champion is no longer distracted by gold!
The war gargoyle is no longer distracted by gold!
Your sixfirhy barely misses the iron golem!
Your sun demon completely misses the iron golem!
Your smoke demon hits the iron dragon!
Your smoke demon hits the iron dragon but does no damage! x2
The war gargoyle launches metal splinters at you!
The spray of metal splinters hits your sun demon!!!!!!
The spray of metal splinters hits you!!!!!!!!! * * * don't die
* * * The spray of metal splinters hits your ice devil!!!!!!
You take 32 damage, and have 23/135 hp!
MASSIVE DAMAGE!!!!!!
You now have 3/14 mp! [a] - 462 gold - might, brilliance, heal wounds, curing and berserk rage [b] - 273 gold - heal wounds and magic [c] - 396 gold - resistance and invisibility Purchase which effect?
You no longer have enough gold to bribe branches to halt enemies' attacks and recruit allies!
You feel mightier all of a sudden!
You feel clever all of a sudden!
You feel much better!
You feel better!
You're still recovering from your berserk rage!
The ancient champion is no longer distracted by gold!
Your neqoxec hits the iron golem but does no damage!
The iron dragon bites your smoke demon!!!!!!
Your smoke demon dies!!!
Your smoke demon disappears in a puff of smoke!!!
You block the iron golem's attack!
PTOANNNG!!!
The iron golem hits you!!!!!! * * * don't die
* * * You emit a cloud of foul miasma!!!
The iron golem hits you!!!!!! rip Your body crumbles into a pile of gold!

▓..)"=:|})):..▓...........
▓..||))[|[)"..▓...........
▓.............▓...........
▓.............▓....)......
▓.............▓.......)...
▓......$......▓..▓...).▓..
▓......zz..$..▓......|))..
▓..▓...9D9$▓..▓.....©.....
▓ ▓▓..§3@▓▓ ▓▓▓▓▓▓▓▓▓▓▓▓
▓..▓...3933▓..▓....8©8....
▓.......3..4..▓..[[|})....
▓......©......▓...}[)[....
▓▓▓▓▓▓▓▓▓▓▓▓▓▓▓...........
▓........... ▓...........
▓........... ▓...........


You could see 2 iron golems, an iron dragon (mesmerising, unaware, ally target),
2 ancient champions, a war gargoyle (catching breath, ally target), a friendly
soul eater (summoned), 2 friendly sun demons, a friendly ice devil (summoned), a
friendly sixfirhy (summoned) and a friendly neqoxec (summoned).

Vanquished Creatures
  A caustic shrike (D)
  2 deep elf master archers (D)
  A deep elf blademaster (D)
  An ancient champion (D)
  3 deep elf sorcerers (D)
  A deep elf elementalist (D)
  An iron dragon (D)
  4 war gargoyles (D)
  An iron golem (D)
  A deep elf death mage (D)
  2 merfolk impalers (D)
  A mummy priest (D)
  A death scarab (D)
  A two-headed ogre (D)
  A hell hog (D)
  A thrashing horror (D)
  A deep elf knight (D)
  A crystal echidna (D)
  A sixfirhy (D)
  2 large abominations (D)
  A sea snake (D)
  2 deep elf pyromancers (D)
  2 deep elf zephyrmancers (D)
  A worldbinder (D)
  3 shining eyes (D)
  An elephant (D)
  An ugly thing (D)
  2 rust devils (D)
  A moth of wrath (shapeshifter) (D)
  A black mamba (D)
  A water nymph (D)
  An eye of devastation (shapeshifter) (D)
  A freezing wraith (D)
  2 rime drakes (D)
  A red devil (D)
  A komodo dragon (D)
  A hellwing (D)
  A troll (D)
  2 polar bears (D)
  A merfolk (D)
  A blink frog (D)
  A snapping turtle (D)
  A jumping spider (shapeshifter) (D)
  A wyvern (D)
  A jumping spider (D)
  A small abomination (D)
  A wraith (D)
  3 basilisks (D)
  3 yaks (D)
  A redback (shapeshifter) (D)
  A chaos spawn (D)
  3 neqoxecs (D)
  A floating eye (shapeshifter) (D)
  A water moccasin (D)
  An ice beast (D)
  A wolf (D)
  An ogre (D)
  3 bullfrogs (D)
  2 scorpions (D)
  2 crimson imps (D)
  2 quasits (D)
  An iron imp (D)
  3 orc priests (D)
  2 orc wizards (D)
  2 mummies (D)
  3 shadow imps (D)
  A white imp (D)
  An ufetubus (D)
  An adder simulacrum (D)
  An orc (D)
  A bat simulacrum (D)
  A giant cockroach simulacrum (D)
104 creatures vanquished.

Vanquished Creatures (collateral kills)
  A deep elf blademaster (D)
  A deep elf master archer (D)
  2 ancient champions (D)
  A deep elf sorcerer (D)
  A deep elf annihilator (D)
  2 merfolk javelineers (D)
  2 two-headed ogres (D)
  A satyr (D)
  A crystal echidna (D)
  A deep elf archer (D)
  A komodo dragon (D)
  A merfolk (D)
  A raiju (D)
  An ushabti (D)
  A yak (D)
  An ogre (D)
  2 bullfrogs (D)
  A small abomination (D)
  A quasit (D)
  A mummy (D)
  2 orcs (D)
  A jackal (D)
  A lurking horror (D)
28 creatures vanquished.

Vanquished Creatures (others)
  A deep elf sorcerer (D)
  7 dancing weapons (D)
  A deep elf zephyrmancer (D)
9 creatures vanquished.

Grand Total: 141 creatures vanquished

Notes
Turn   | Place    | Note
-------+----------+-------------------------------------------
     0 | D        | namelastname112 the Demonspawn Fighter began the quest for
                  | the Orb.
     0 | D        | Reached XP level 1. HP: 18/18 MP: 1/1
     0 | D        | Found a shimmering blue altar of Sif Muna.
     0 | D        | Found a bloodstained altar of Trog.
     0 | D        | Found a sacrificial altar of Ru.
     0 | D        | Found a stormy altar of Qazlal.
     0 | D        | Found an iron altar of Okawaru.
     1 | D        | Found a sparkling altar of Nemelex Xobeh.
     1 | D        | Found a blossoming altar of Fedhas.
     1 | D        | Found the +6 Majin-Bo {vamp, MP+6 Int+6}
     1 | D        | Found the +9 heavy crossbow "Sniper" {vorpal, Acc+∞ SInv}
     1 | D        | Found the +10 dark maul {vorpal}
     1 | D        | Found the +15 Maxwell's patent armour {-Cast -Tele rElec
                  | Will+ rCorr}
     1 | D        | Found the +18 shield of the Gong {rElec rN+ Will+ EV-5}
     1 | D        | Found the +14 obsidian axe {vorpal, Mesm Drain Fly SInv}
     1 | D        | Found the +7 great mace "Firestarter" {inner flame, rF++}
     1 | D        | Found the +6 shillelagh "Devastator" {shatter}
     1 | D        | Found the +11 plutonium sword {Contam Stlth-}
     1 | D        | Found the +8 lance "Wyrmbane" {slay drac, rPois rF+ rC+
                  | AC+3}
     1 | D        | Found the +9 sword of Zonguldrok {reap}
     1 | D        | Found the +13 scythe of Curses {drain, Drain}
     1 | D        | Found the +5 sword of Power {vorpal}
     1 | D        | Found the +7 mace of Variability {chain chaos}
     1 | D        | Found the +7 Singing Sword {vorpal, sonic wave}
     1 | D        | Found the +8 storm bow {elec, penet}
     3 | D        | Found a transporter.
     3 | D        | Found an ancient bone altar of Kikubaaqudgha.
     3 | D        | Found a viscous altar of Jiyva.
     3 | D        | Found a corrupted altar of Lugonu.
     3 | D        | Found a hazy altar of Hepliaklqana.
     3 | D        | Found a burning altar of Makhleb.
     3 | D        | Found an opulent altar of Gozag.
    89 | D        | Became a worshipper of Gozag Ym Sagoz the Greedy
    98 | D        | Entered arena 2.
    98 | D        | Noticed a polar bear
    98 | D        | Found a transporter.
   102 | D        | Killed a polar bear
   103 | D        | Reached skill level 6 in Fighting
   103 | D        | Reached skill level 5 in Shields
   103 | D        | Gained mutation: You are partially covered in yellow
                  | scales. (AC +2) [demonic ancestry]
   103 | D        | Reached XP level 2. HP: 29/29 MP: 2/2
   103 | D        | Reached XP level 3. HP: 35/35 MP: 3/3
   103 | D        | Gained mutation: You have a pair of small horns on your
                  | head. [demonic ancestry]
   103 | D        | Reached XP level 4. HP: 41/41 MP: 4/4
   103 | D        | Gained mutation: You have a pair of horns on your head.
                  | [demonic ancestry]
   103 | D        | Reached XP level 5. HP: 47/47 MP: 5/5
   108 | D        | Got the ring "Xihell" {Fly rF+ rC+ Str+5}
   114 | D        | Entered arena 3.
   114 | D        | Noticed a jumping spider
   114 | D        | Found a transporter.
   117 | D        | Killed a jumping spider
   118 | D        | Reached skill level 7 in Fighting
   118 | D        | Gained mutation: You have a pair of large horns on your
                  | head. [demonic ancestry]
   118 | D        | Reached XP level 6. HP: 56/56 MP: 6/6
   119 | D        | Reached skill level 8 in Fighting
   135 | D        | Reached skill level 9 in Fighting
   135 | D        | Gained mutation: You are mostly covered in yellow scales.
                  | (AC +3) [demonic ancestry]
   135 | D        | Reached XP level 7. HP: 64/64 MP: 7/7
   137 | D        | Entered arena 4.
   137 | D        | Found a transporter.
   159 | D        | Entered arena 5.
   159 | D        | Found a transporter.
   176 | D        | Entered arena 6.
   176 | D        | Noticed a red devil
   176 | D        | Noticed a chaos spawn
   176 | D        | Found a transporter.
   179 | D        | Killed a chaos spawn
   180 | D        | Reached XP level 8. HP: 72/72 MP: 8/8
   184 | D        | Killed a red devil
   185 | D        | Reached skill level 10 in Fighting
   196 | D        | Entered arena 7.
   196 | D        | Noticed a two-headed ogre
   196 | D        | Noticed a two-headed ogre
   196 | D        | Noticed a two-headed ogre
   196 | D        | Noticed a troll
   197 | D        | Found a transporter.
   201 | D        | Killed a two-headed ogre
   202 | D        | Reached skill level 11 in Fighting
   202 | D        | Reached skill level 10 in Armour
   202 | D        | Reached skill level 10 in Shields
   202 | D        | Gained mutation: You may rarely emit foul miasma when
                  | damaged in melee. [demonic ancestry]
   202 | D        | Reached XP level 9. HP: 81/81 MP: 9/9
   202 | D        | Killed a two-headed ogre
   204 | D        | Killed a troll
   205 | D        | Killed a two-headed ogre
   206 | D        | Reached skill level 12 in Fighting
   214 | D        | Entered arena 8.
   214 | D        | Noticed a mummy priest
   214 | D        | Noticed a death scarab
   215 | D        | Found a transporter.
   220 | D        | Killed a death scarab
   221 | D        | Reached skill level 10 in Axes
   221 | D        | Gained mutation: You regenerate magic rapidly. [demonic
                  | ancestry]
   221 | D        | Reached XP level 10. HP: 53/91 MP: 10/10
   223 | D        | Killed a mummy priest
   228 | D        | Reached skill level 13 in Fighting
   231 | D        | Got the Almanac of Cankerous Curses
   468 | D        | Entered arena 9.
   468 | D        | Noticed a rust devil
   468 | D        | Noticed a rust devil
   469 | D        | Found a transporter.
   474 | D        | Killed a rust devil
   475 | D        | Killed a rust devil
   512 | D        | Entered arena 10.
   513 | D        | Found a transporter.
   539 | D        | Got Sif Muna's Collected Works on Shape Shifting and Fire
   549 | D        | Got the amulet "Mailles" {Spirit Int+3}
   560 | D        | Entered arena 11.
   561 | D        | Found a transporter.
   566 | D        | Reached skill level 14 in Fighting
   571 | D        | Gained mutation: When hurt, damage is shared between your
                  | health and your magic reserves. [demonic ancestry]
   571 | D        | Reached XP level 11. HP: 100/100 MP: 11/11
   596 | D        | Entered arena 12.
   596 | D        | Noticed a merfolk impaler
   596 | D        | Noticed a satyr
   596 | D        | Noticed a merfolk impaler
   596 | D        | Noticed a sea snake
   597 | D        | Noticed a merfolk javelineer
   597 | D        | Noticed a merfolk javelineer
   606 | D        | Killed a sea snake
   606 | D        | Killed a merfolk javelineer
   612 | D        | Killed a satyr
   614 | D        | Killed a merfolk impaler
   615 | D        | Found a transporter.
   620 | D        | Killed a merfolk impaler
   621 | D        | Reached skill level 15 in Fighting
   623 | D        | Killed a merfolk javelineer
   656 | D        | Got the Guide on Supportive Stones
   848 | D        | Entered arena 13.
   848 | D        | Noticed a shining eye
   848 | D        | Noticed a wolf spider
   848 | D        | Noticed a cyan ugly thing
   848 | D        | Noticed a shining eye
   848 | D        | Noticed a two-headed ogre
   848 | D        | Noticed a shining eye
   849 | D        | Noticed a death drake
   849 | D        | a two-headed ogre changed into a moth of wrath
   849 | D        | a death drake changed into a cyclops
   850 | D        | Found a transporter.
   850 | D        | Noticed a two-headed ogre
   850 | D        | a moth of wrath changed into a two-headed ogre
   850 | D        | Noticed a glowing shapeshifter
   850 | D        | a wolf spider changed into a glowing shapeshifter
   851 | D        | Noticed an orb spider
   851 | D        | a glowing shapeshifter changed into an orb spider
   852 | D        | Noticed a shock serpent
   852 | D        | a two-headed ogre changed into a shock serpent
   853 | D        | Killed a shining eye
   853 | D        | a shock serpent changed into a moth of wrath
   853 | D        | Gained mutation: Armour fits poorly on your strangely
                  | shaped body. [a shining eye]
   854 | D        | Killed a cyan ugly thing
   854 | D        | Gained mutation: Your spells are a little easier to cast,
                  | but a little less powerful. [a shining eye]
   855 | D        | an orb spider changed into an eye of devastation
   859 | D        | Killed a shining eye
   864 | D        | Killed a shining eye
   903 | D        | Entered arena 14.
   906 | D        | Found a transporter.
   909 | D        | Reached skill level 16 in Fighting
   910 | D        | Gained mutation: Your magical and physical power is
                  | slightly enhanced at high health. [demonic ancestry]
   910 | D        | Reached XP level 12. HP: 107/111 MP: 10/12
   913 | D        | Reached skill level 15 in Armour
   915 | D        | Reached skill level 15 in Shields
   944 | D        | Got the +3 pair of gloves of the Endless Expanse {-Cast
                  | rPois rF+ Dex+4}
   947 | D        | Got the ring "Koischae" {rElec rN++ Will- Str+6}
   964 | D        | Entered arena 15.
   965 | D        | Noticed a deep elf elementalist
   965 | D        | Noticed a deep elf sorcerer
   965 | D        | Noticed a deep elf sorcerer
   965 | D        | Noticed a deep elf death mage
   966 | D        | Noticed a deep elf master archer
   967 | D        | Found a transporter.
   970 | D        | Killed a deep elf elementalist
   980 | D        | Killed a deep elf death mage
   982 | D        | Reached skill level 17 in Fighting
   985 | D        | Killed a ghostly deep elf death mage
   988 | D        | Killed a deep elf sorcerer
   989 | D        | Killed a deep elf sorcerer
   990 | D        | Reached skill level 15 in Axes
   995 | D        | Killed a deep elf master archer
  1313 | D        | Entered arena 16.
  1314 | D        | Noticed a deep elf sorcerer
  1314 | D        | Noticed a deep elf master archer
  1314 | D        | Noticed a deep elf sorcerer
  1314 | D        | Noticed a deep elf annihilator
  1314 | D        | Noticed a deep elf blademaster
  1314 | D        | Noticed a deep elf blademaster
  1315 | D        | Noticed a deep elf master archer
  1315 | D        | Noticed a deep elf sorcerer
  1318 | D        | Found a transporter.
  1320 | D        | Killed a deep elf sorcerer
  1322 | D        | Killed a deep elf sorcerer
  1323 | D        | Reached skill level 18 in Fighting
  1323 | D        | Reached XP level 13. HP: 122/122 MP: 9/13
  1326 | D        | Killed a deep elf sorcerer
  1328 | D        | Killed a deep elf blademaster
  1329 | D        | Killed a deep elf master archer
  1336 | D        | Killed a deep elf blademaster
  1339 | D        | Killed a deep elf annihilator
  1342 | D        | Killed a deep elf master archer
  1381 | D        | Got Zofa's Last Secrets of Sorcery
  1619 | D        | Entered arena 17.
  1628 | D        | Reached skill level 19 in Fighting
  1628 | D        | Reached skill level 1 in Dodging
  1632 | D        | Found a transporter.
  1685 | D        | Got The Advanced Guide to Witchcraft
  1820 | D        | Got the amulet of Linearity {Spirit Dex+6}
  1840 | D        | Entered arena 18.
  1843 | D        | Noticed an ancient champion
  1843 | D        | Noticed an iron dragon
  1843 | D        | Noticed an ancient champion
  1843 | D        | Noticed a war gargoyle
  1843 | D        | Noticed an iron golem
  1843 | D        | Noticed an ancient champion
  1843 | D        | Noticed a caustic shrike
  1843 | D        | Noticed a war gargoyle
  1843 | D        | Noticed a war gargoyle
  1843 | D        | Noticed an iron golem
  1844 | D        | Noticed a war gargoyle
  1844 | D        | Noticed an iron golem
  1844 | D        | Noticed a war gargoyle
  1844 | D        | Noticed an ancient champion
  1844 | D        | Noticed an ancient champion
  1844 | D        | Noticed an iron dragon
  1845 | D        | Found a transporter.
  1853 | D        | Killed a war gargoyle
  1853 | D        | Killed a caustic shrike
  1854 | D        | Killed a war gargoyle
  1862 | D        | Killed an iron dragon
  1866 | D        | Reached skill level 5 in Dodging
  1868 | D        | Killed a war gargoyle
  1868 | D        | Killed an ancient champion
  1869 | D        | Gained mutation: When low on magic, you restore magic in
                  | place of health. [demonic ancestry]
  1869 | D        | Reached XP level 14. HP: 41/134 MP: 3/14
  1872 | D        | Killed an ancient champion
  1874 | D        | Killed a war gargoyle
  1875 | D        | Reached skill level 20 in Fighting
  1877 | D        | Killed an ancient champion
  1879 | D        | Mangled by an iron golem

Illustrated notes

Levels and vault maps discovered:
D:        sprint_v [room_start, room_1, room_2, room_3, room_4, room_5, room_6,
          room_7, room_8, room_9, room_10, room_11, room_12, room_13, room_14,
          room_15, room_16, room_17, room_18, room_19, room_20, room_21,
          room_22, room_23, room_24, room_25, room_26, room_27]

Skill      XL: |  1  2  3  4  5  6  7  8  9 10 11 12 13 14 |
---------------+-------------------------------------------+-----
Fighting       | 6 7 9 11 12 14 16 18 19 20 | 20.0
Axes           | 3 4 6 8 10 11 13 15 17 | 17.8
Armour         | 6 7 8 9 10 11 13 14 16 18 | 18.6
Shields        | 5 7 8 9 10 11 13 14 16 18 | 18.5
Dodging        | 5 6 |  6.5

Action                   |  1- 3 |  4- 6 |  7- 9 | 10-12 | 13-15 || total
-------------------------+-------+-------+-------+-------+-------++-------
Melee: Broad axe         |     4 |     4 |    21 |   100 |    62 ||   191
       Headbutt          |       |     1 |     3 |    22 |    19 ||    45
Invok: Potion Petition   |       |       |       |     5 |     7 ||    12
  Use: Potion            |       |     1 |       |     4 |       ||     5
 Stab: Distracted        |       |       |       |     1 |       ||     1
       Invisible         |       |       |       |     6 |     4 ||    10
Armor: Plate armour      |     5 |     4 |     6 |    49 |    29 ||    93
Dodge: Dodged            |       |     2 |       |     3 |     7 ||    12
Block: Kite shield       |     8 |     7 |    20 |   159 |   126 ||   320

Table legend: (Time is in decaauts)
 A = Elapsed time spent in this place.
 B = Non-inter-level travel time spent in this place.
 C = Inter-level travel time spent in this place.
 D = Time resting spent in this place.
 E = Time spent auto-exploring this place.
 F = Levels seen in this place.
 G = Mean time per level.
                   A        B        C        D        E       F      G
               +--------+--------+--------+--------+--------+-----+--------+
         Total |   1853 |   1853 |      0 |   1019 |      0 |   1 | 1853.0 |
       Dungeon |   1853 |   1853 |      0 |   1019 |      0 |   1 | 1853.0 |
               +--------+--------+--------+--------+--------+-----+--------+

Top non-repeatable levels by time:
       D: 1853 daAuts
